 Dungeon Crawl Stone Soup version 0.26.1-10-gdfb7c7de75 (webtiles) character file.

Game seed: 1792586618406599492

690687 tardwrangler69 the Slayer (level 27, 0/165 HPs)
             Began as a Vine Stalker Fighter on Apr 8, 2021.
             Was the Champion of Okawaru.
             Succumbed to a green draconian monk's poison
             ... on level 5 of the Realm of Zot.
             The game lasted 01:52:42 (60067 turns).

tardwrangler69 the Slayer (Vine Stalker Fighter)   Turns: 60067, Time: 01:52:42

Health: 0/165      AC: 41    Str: 42    XL:     27
Magic:  1/30       EV: 17    Int: 21    God:    Okawaru [******]
Gold:   9582       SH: 25    Dex: 15    Spells: 26/26 levels left

rFire    + + .     SeeInvis .   s - +9 rapier (speed)
rCold    + + +     Faith    .   c - +4 kite shield of Hangman {rC+ Int+5}
rNeg     . . .     Spirit   +   a - +12 gold dragon scales
rPois    +         Reflect  +   K - +2 hat of the Dragon {rElec rC+ Int+4 Stlth+}
rElec    +         Harm     .   T - scarf {rC+ rF+}
rCorr    .         Rampage  .   h - +1 pair of gloves {Str+3}
Will     ++++.                  B - +3 pair of boots of the Old World {Will+}
Stlth    ..........             O - amulet of reflection
HPRegen  1.17/turn              H - +6 ring of strength
MPRegen  0.22/turn              n - ring "Hearch Vadus" {Str+2 Int+4 Slay+3 Stlth+}

@: lethally poisoned (0 -> -12), about to teleport, finesse
A: fangs 3, regeneration 2, magic shield, antimagic bite, no potion heal 3
}: 3/15 runes: serpentine, barnacled, silver
a: Renounce Religion, Heroism, Finesse


You were on level 5 of the Realm of Zot.
You worshipped Okawaru.
Okawaru was exalted by your worship.
You visited 10 branches of the dungeon, and saw 50 of its levels.
You visited 1 bazaar.
You also visited: Trove and Ice Cave.

You collected 11228 gold pieces.
You spent 1646 gold pieces at shops.

Inventory:

Hand Weapons
 s - a +9 rapier of speed (weapon)
 S - a +6 vorpal quick blade
 X - the +11 rapier of Misery {flame, SInv}
   (You took it off a deep elf death mage on level 3 of the Elven Halls)

   It has been specially enchanted to burn those struck by it, causing extra
   injury to most foes and up to half again as much damage against particularly
   susceptible opponents.
   It lets you see invisible.
Missiles
 m - 21 silver boomerangs
 w - 52 javelins
 I - 57 silver javelins (quivered)
Armour
 a - +12 gold dragon scales (worn)
 c - the +4 kite shield of Hangman (worn) {rC+ Int+5}
   (Okawaru gifted it to you on level 15 of the Dungeon)

   It affects your intelligence (+5).
   It protects you from cold.
 h - a +1 pair of gloves of strength (worn)
 B - the +3 pair of boots of the Old World (worn) {Will+}
   (You found it on level 1 of the Realm of Zot)

   It affects your willpower, your defense against some magical effects.
 F - a +2 pair of boots of flying
 K - the +2 hat of the Dragon (worn) {rElec rC+ Int+4 Stlth+}
   (Okawaru gifted it to you on level 6 of the Lair of Beasts)

   It affects your intelligence (+4).
   It protects you from cold.
   It insulates you from electricity.
   It makes you more stealthy.
 T - a scarf of resistance (worn)
Jewellery
 n - the ring "Hearch Vadus" (right hand) {Str+2 Int+4 Slay+3 Stlth+}
   (You found it on level 15 of the Dungeon)

   [ring of stealth]

   It affects your strength (+2).
   It affects your intelligence (+4).
   It affects your accuracy and damage with ranged weapons and melee attacks
   (+3).
   It makes you more stealthy.
 A - an uncursed ring of willpower
 C - the ring "Niubbol" {rC++ Will+ Int+4}
   (You took it off Azrael on level 15 of the Dungeon)

   [ring of willpower]

   It affects your intelligence (+4).
   It greatly protects you from cold.
   It affects your willpower, your defense against some magical effects.
 E - a +6 ring of dexterity {unknown}
 H - a +6 ring of strength (left hand)
 L - an uncursed ring of protection from fire
 O - an amulet of reflection (around neck)
 P - a +6 ring of dexterity {unknown}
 W - the ring "Xoupp" {+Blink Str+3 Dex+6}
   (You found it on level 5 of the Vaults)

   [ring of dexterity]

   It affects your strength (+3).
   It affects your dexterity (+6).
   It lets you blink.
Wands
 u - a wand of acid (34)
 v - a wand of digging (16)
 N - a wand of enslavement (20)
Scrolls
 f - 23 scrolls of remove curse
 g - 7 scrolls of magic mapping
 j - 21 scrolls of teleportation
 k - 15 scrolls of blinking
 l - 30 scrolls of identify
 o - 7 scrolls of enchant weapon
 p - 10 scrolls of immolation
 q - 5 scrolls of fog
 J - 9 scrolls of fear
 U - a scroll of enchant armour
 Y - 2 scrolls of summoning
 Z - 4 scrolls of silence
Potions
 b - 6 potions of magic
 d - 5 potions of might
 e - 31 potions of curing
 i - 5 potions of mutation
 r - 4 potions of berserk rage
 t - 11 potions of lignification
 x - 6 potions of flight
 z - 16 potions of attraction
 D - 12 potions of haste
 G - 5 potions of resistance
 M - 8 potions of cancellation
 R - 6 potions of invisibility
 V - 13 potions of ambrosia
Miscellaneous
 y - a phantom mirror


   Skills:
 + Level 23.9 Fighting
 - Level 22.6 Short Blades
 - Level 20.1 Throwing
 - Level 15.0 Armour
 + Level 15.2 Dodging
 - Level 15.0 Shields
 - Level 8.5 Invocations


You had 26 spell levels left.
You didn't know any spells.
Your spell library contained the following spells:

 Spells                   Type           Power        Failure   Level
 Animate Skeleton         Necr           0%           80%         1
 Apportation              Tloc           0%           80%         1
 Beastly Appendage        Tmut           0%           80%         1
 Corona                   Hex            0%           80%         1
 Foxfire                  Conj/Fire      0%           80%         1
 Freeze                   Ice            0%           80%         1
 Magic Dart               Conj           0%           80%         1
 Pain                     Necr           0%           80%         1
 Sting                    Tmut/Pois      0%           80%         1
 Summon Small Mammal      Summ           0%           80%         1
 Corpse Rot               Necr/Air       N/A          90%         2
 Ensorcelled Hibernation  Hex/Ice        0%           90%         2
 Passwall                 Tmut/Erth      0%           90%         2
 Poisonous Vapours        Pois/Air       0%           90%         2
 Searing Ray              Conj           0%           90%         2
 Slow                     Hex            0%           90%         2
 Sublimation of Blood     Necr           0%           90%         2
 Swiftness                Air            0%           90%         2
 Wereblood                Tmut           0%           90%         2
 Confusing Touch          Hex            0%           99%         3
 Conjure Flame            Conj/Fire      0%           99%         3
 Dazzling Flash           Conj/Hex       0%           99%         3
 Gell's Gravitas          Tloc           0%           99%         3
 Ignite Poison            Fire/Tmut/Pois 0%           99%         3
 Inner Flame              Hex/Fire       0%           99%         3
 Lesser Beckoning         Tloc           0%           99%         3
 Mephitic Cloud           Conj/Pois/Air  0%           99%         3
 Portal Projectile        Hex/Tloc       0%           99%         3
 Spider Form              Tmut/Pois      0%           99%         3
 Static Discharge         Conj/Air       0%           99%         3
 Tukima's Dance           Hex            0%           99%         3
 Vampiric Draining        Necr           0%           99%         3
 Animate Dead             Necr           0%           100%        4
 Cause Fear               Hex            0%           100%        4
 Dispel Undead            Necr           0%           100%        4
 Fulminant Prism          Conj/Hex       0%           100%        4
 Ice Form                 Ice/Tmut       0%           100%        4
 Iskenderun's Mystic Bla  Conj/Tloc      0%           100%        4
 Leda's Liquefaction      Hex/Erth       0%           100%        4
 Olgreb's Toxic Radiance  Pois           0%           100%        4
 Passage of Golubria      Tloc           N/A          100%        4
 Petrify                  Tmut/Erth      0%           100%        4
 Sticky Flame             Conj/Fire      0%           100%        4
 Summon Ice Beast         Ice/Summ       0%           100%        4
 Summon Lightning Spire   Summ/Air       0%           100%        4
 Agony                    Necr           0%           100%        5
 Alistair's Intoxication  Tmut/Pois      0%           100%        5
 Blade Hands              Tmut           0%           100%        5
 Bolt of Magma            Conj/Fire/Erth 0%           100%        5
 Borgnjor's Vile Clutch   Necr/Erth      0%           100%        5
 Excruciating Wounds      Necr           0%           100%        5
 Fireball                 Conj/Fire      0%           100%        5
 Irradiate                Conj/Tmut      0%           100%        5
 Iskenderun's Battlesphe  Conj           0%           100%        5
 Lee's Rapid Deconstruct  Erth           0%           100%        5
 Lightning Bolt           Conj/Air       0%           100%        5
 Metabolic Englaciation   Hex/Ice        0%           100%        5
 Silence                  Hex/Air        0%           100%        5
 Yara's Violent Unravell  Hex/Tmut       0%           100%        5
 Conjure Ball Lightning   Conj/Air       0%           100%        6
 Death Channel            Necr           0%           100%        6
 Dispersal                Tloc           0%           100%        6
 Eringya's Noxious Bog    Tmut/Pois      0%           100%        6
 Freezing Cloud           Conj/Ice/Air   0%           100%        6
 Hydra Form               Tmut           0%           100%        6
 Invisibility             Hex            0%           100%        6
 Iron Shot                Conj/Erth      0%           100%        6
 Shadow Creatures         Summ           N/A          100%        6
 Simulacrum               Ice/Necr       0%           100%        6
 Statue Form              Tmut/Erth      0%           100%        6
 Dragon Form              Tmut           0%           100%        7
 Haunt                    Necr/Summ      0%           100%        7
 Orb of Destruction       Conj           0%           100%        7
 Spellforged Servitor     Conj/Summ      0%           100%        7
 Borgnjor's Revivificati  Necr           0%           100%        8
 Disjunction              Tloc           0%           100%        8
 Ignition                 Fire           0%           100%        8
 Infestation              Necr           0%           100%        8
 Necromutation            Tmut/Necr      0%           100%        8
 Death's Door             Necr           0%           100%        9
 Shatter                  Erth           0%           100%        9
 Tornado                  Air            0%           100%        9


Dungeon Overview and Level Annotations

Branches:
Dungeon (15/15)            Temple (0/1) D:6            Lair (6/6) D:10
 Shoals (4/4) Lair:2        Snake (4/4) Lair:3        Slime (0/5) Lair:5
    Orc (2/2) D:11            Elf (3/3) Orc:2        Vaults (5/5) D:13
  Crypt (0/3) Vaults:2     Depths (5/5) D:15           Hell (visited)
    Dis (0/7) Hell            Geh (0/7) Hell            Coc (0/7) Hell
    Tar (0/7) Hell            Zot (5/5) Depths:5      IceCv (visited)

Altars:
Ashenzari
Dithmenos
Fedhas
Gozag
Kikubaaqudgha
Makhleb
Nemelex Xobeh
Okawaru
Ru
Trog
Uskayaw
Vehumet
Wu Jian
Xom
Yredelemnul
The Shining One
Beogh
Jiyva

Shops:
D:10 [   Orc:2 :(![   Elf:3 *(**   Shoals:3 (   Snake:1 =}}=   Snake:2 !:}*
Snake:4 [   Vaults:5 ?   Depths:3 (

Portals:
Hell: Depths:1 Depths:2 Depths:3 Depths:4 Depths:5
Abyss: Depths:3 Depths:4 Depths:5
Pandemonium: Depths:3
Ziggurat: Depths:3

Annotations:
D:4 Natasha
D:8 3 runed translucent doors, axecop's ghost, novice DsAK
D:10 1 runed translucent door, OhItsWolfy's ghost, novice GnFi
Lair:1 2 transporters, 0gre's ghost, journeyman GnIE
Lair:5 1 runed translucent door
Lair:6 exclusion: oklob plant
Shoals:2 Roxanne
Shoals:3 2 runed translucent doors, Kehicw's ghost, adept HOBr
Elf:2 2 runed translucent doors, exclusion: downstairs
Vaults:3 3 runed translucent doors, Sardonyx's ghost, adept DEFE
Depths:3 2 runed translucent doors, Veghinet's ghost, legendary MfGl


Innate Abilities, Weirdness & Mutations

You have razor-sharp teeth.
You heal very quickly.
When hurt, damage is shared between your health and your magic reserves.
Your bite disrupts and absorbs the magic of your enemies.
Potions cannot restore your health.


Message History

* * * LOW HITPOINT WARNING * * *
You block the green draconian's attack. The Orb Guardian completely misses you.
You block the Orb Guardian's attack.
The purple draconian hits you but does no damage.
You block the green draconian monk's attack.
The green draconian monk kicks you.
* * * LOW HITPOINT WARNING * * *
The green draconian monk tail-slaps you but does no damage.
The green draconian monk tail-slaps you.
* * * LOW HITPOINT WARNING * * *
You are lethally poisoned!
The green draconian monk poisons you!
Okay, then.
Unknown command.
Okay, then.
Unknown command.
Blink to where?
Press: ? - help, Dir - move target
As you read the scroll of blinking, it crumbles to dust.
You die...

*,.................^.# ##.......
*...............^....# #........
*(^..................# ##........
*.............^...)..###.........
*#..................###...#######
*#............)..)##....##
*#.^....^.....)..))..###
▓▓.....##▓▓▓▓▓▓▓▓▓▓▓#
▓▓............@..▓▓▓▓
▓▓.(.................▓##
*▓...^.........^.......(##
*........................# *▓▓▓▓▓
*..^..................d§.▓*▓.X...
*▓...^.........)......XXq▓▓q...^p
▓▓....^..(..[...^......d▓§§§..X!
▓▓......})............X(§§((§§.
*▓......................▓.(p.((.


You could see a purple draconian (catching breath) and 2 Orb Guardians.

Vanquished Creatures
  The ghost of Mehuetim the Wrestler, a legendary TrBe of Trog (Zot:1)
  3 orbs of fire (Zot:5)
  3 juggernauts
  2 ancient liches (Zot:5)
  Boris (Vaults:4)
  Bai Suzhen (Shoals:3)
  6 Killer Klowns (Zot:5)
  Frederick (Vaults:2)
  Margery (Vaults:2)
  A caustic shrike (Depths:3)
  Saint Roka (Vaults:1)
  Geryon (Hell)
  2 curse toes
  14 golden dragons
  Jory (Depths:5)
  19 tentacled monstrosities
  2 electric golems (Zot:5)
  23 Orb Guardians (Zot:5)
  9 titans
  A large abomination (Depths:3)
  7 liches
  Rupert (Lair:3)
  Jorgrun (Shoals:2)
  8 quicksilver dragons
  Asterion (Vaults:3)
  3 deep elf blademasters
  2 deep elf master archers (Elf:3)
  3 acid blobs (Zot:1)
  6 sphinxes
  Agnes (D:14)
  8 death cobs
  Frances (Shoals:2)
  Kirke (Shoals:3)
  Polyphemus (Shoals:3)
  9 draconian monks
  16 storm dragons
  19 shadow dragons
  8 tengu reavers
  8 nagarajas
  Ilsuiw (Shoals:3)
  A revenant (Hell)
  20 frost giants
  Donald (Elf:2)
  3 ghost moths
  3 iron dragons
  17 vault wardens
  10 fire giants
  3 deep elf sorcerers
  5 draconian annihilators
  7 deep elf elementalists
  A juggernaut zombie (Hell)
  Aizul (Shoals:4)
  12 ironheart preservers
  11 draconian scorchers
  4 draconian knights
  A cacodemon (Hell)
  4 draconian stormcallers
  7 draconian shifters
  17 very ugly things
  20 stone giants
  12 green draconians
  12 black draconians
  3 vampire knights
  14 white draconians
  16 red draconians
  A lorocyproca (Hell)
  9 deep elf demonologists
  7 deep elf annihilators
  14 spark wasps
  10 purple draconians
  Azrael (D:15)
  6 dire elephants (Lair:6)
  A yellow draconian (shapeshifter) (Zot:1)
  15 ettins
  15 yellow draconians
  A blizzard demon (Hell)
  12 deep elf death magi
  An ettin (shapeshifter) (Vaults:5)
  A green death (Hell)
  12 merfolk impalers
  5 crystal guardians
  2 eidola (Vaults:2)
  4 merfolk javelineers
  A small abomination (Depths:2)
  Fannar (Lair:3)
  6 deep elf high priests
  6 rakshasas
  Harold (D:7)
  11 great orbs of eyes
  34 vault guards
  12 ice dragons
  12 yaktaur captains
  22 fire dragons
  3 merfolk avatars
  15 naga warriors
  5 hydras
  3 spriggan air magi
  11 boulder beetles
  A satyr (Shoals:3)
  13 centaur warriors
  A two-headed ogre (shapeshifter) (Vaults:5)
  5 merfolk aquamancers
  30 two-headed ogres
  21 anacondas
  13 ogre magi
  26 dancing weapons
  10 deep troll shamans
  An alligator snapping turtle (Shoals:1)
  3 catoblepae
  6 tengu warriors
  3 death knights
  7 death yaks
  10 deep troll earth magi
  18 naga sharpshooters
  6 spriggan berserkers
  Nergalle (Lair:3)
  2 iron golems (Hell)
  3 soul eaters
  2 vampire magi
  3 hell hogs (Hell)
  4 shock serpents
  2 orc high priests (Vaults:3)
  13 hell knights
  27 deep elf knights
  A sun demon (Hell)
  5 iron trolls
  A fire crab (shapeshifter) (Vaults:1)
  A shadow wraith (Vaults:3)
  3 skeletal warriors
  A spark wasp zombie (Hell)
  10 salamander mystics
  2 sixfirhies (Hell)
  2 anaconda zombies (Hell)
  2 death drakes (Zot:2)
  An unseen horror (D:13)
  5 flayed ghosts
  12 sea snakes
  3 glowing orange brains
  An orange crystal statue (Depths:4)
  33 deep trolls
  An anaconda skeleton (Hell)
  8 phantasmal warriors
  A swamp dragon (shapeshifter) (Depths:3)
  12 deep elf archers
  A lindwurm (Lair:6)
  17 ironbrand convokers
  10 necromancers
  10 harpies
  11 naga ritualists
  A wolf spider zombie (D:14)
  An orb spider (Zot:1)
  68 deep elf magi
  10 mana vipers
  A frost giant zombie (Hell)
  A mana viper (shapeshifter) (Depths:1)
  19 manticores
  2 orc sorcerers
  A stone giant zombie (Vaults:3)
  53 ugly things
  A faun (shapeshifter) (Depths:3)
  22 orc knights
  5 wolf spiders
  24 moths of wrath
  6 fauns
  9 elephants
  3 centaur zombies
  23 vault sentinels
  An elephant (shapeshifter) (Depths:3)
  2 ice statues
  23 salamanders
  A shock serpent zombie (Hell)
  9 merfolk sirens
  17 guardian serpents
  6 rust devils (Hell)
  A smoke demon (Hell)
  A guardian serpent (shapeshifter) (Vaults:1)
  20 naga magi
  34 black mambas
  12 cyclopes
  A stone giant skeleton (Vaults:3)
  A water nymph (shapeshifter) (Vaults:5)
  A fire giant skeleton (Vaults:2)
  6 water nymphs
  An orange demon (Hell)
  A gargoyle (D:14)
  10 cane toads
  An efreet (Zot:1)
  A cane toad (shapeshifter) (Depths:2)
  3 hellions
  A yaktaur zombie (Hell)
  4 rime drakes
  A komodo dragon (shapeshifter) (Elf:3)
  3 kobold demonologists (D:15)
  61 yaktaurs
  3 freezing wraiths
  2 spriggan zombies (Hell)
  28 merfolk
  12 komodo dragons
  16 trolls
  A red devil (Depths:5)
  6 tengu conjurers
  A hydra zombie (Hell)
  4 harpy zombies (Zot:1)
  3 meliai (shapeshifter)
  7 wind drakes
  A queen bee (Lair:3)
  An ice dragon zombie (Hell)
  13 hornets
  A shadow dragon simulacrum (Vaults:3)
  13 blink frogs
  A jumping spider (shapeshifter) (Vaults:3)
  2 hydra skeletons (Hell)
  14 polar bears (IceCv)
  2 deep troll zombies (Hell)
  5 raiju (Zot:1)
  18 slime creatures
  An alligator zombie (Hell)
  A dream sheep (shapeshifter) (Depths:3)
  A stone giant simulacrum (Vaults:3)
  3 dream sheep (Shoals:1)
  A boulder beetle zombie (Vaults:3)
  10 snapping turtles
  An ettin zombie (Hell)
  A fire dragon zombie (Hell)
  4 spriggans
  A spriggan (shapeshifter) (Vaults:1)
  A centaur simulacrum (D:15)
  2 air elementals
  7 wyverns
  An ettin skeleton (Vaults:2)
  2 tarantellas (shapeshifter)
  8 wraiths
  74 yaks
  Sigmund (D:5)
  A shadow (D:14)
  A redback (shapeshifter) (Vaults:5)
  2 vampires
  12 fire elementals
  A hog (Shoals:3)
  12 water elementals
  3 basilisks
  A human (shapeshifter) (Vaults:2)
  7 vampire mosquitoes
  Menkaure (D:4)
  12 wargs
  53 nagas
  2 water moccasins (shapeshifter)
  A hydra simulacrum (Hell)
  A cane toad zombie (Hell)
  5 acid dragons
  20 water moccasins
  4 hell hounds
  3 floating eyes
  47 orc warriors
  Duvessa (D:6)
  A hornet zombie (D:15)
  3 sky beasts
  2 black bears
  2 phantoms
  5 ice beasts
  32 wolves
  A snapping turtle skeleton (Hell)
  2 boggarts
  32 ogres
  19 centaurs
  3 elf zombies
  A bullfrog (shapeshifter) (Vaults:5)
  3 big kobolds
  A big kobold (shapeshifter) (Vaults:5)
  A water moccasin zombie (D:9)
  23 bullfrogs
  A gnoll sergeant (D:9)
  Dowan (D:6)
  7 earth elementals
  4 tengu zombies (Hell)
  A scorpion (D:4)
  A troll zombie (D:7)
  54 killer bees
  13 wights
  9 electric eels
  2 howler monkeys
  A howler monkey (shapeshifter) (Vaults:2)
  A crimson imp (Depths:5)
  2 human zombies (D:7)
  3 quasits
  4 hounds
  12 orc priests
  7 centaur skeletons
  An iron imp (Hell)
  4 jellies
  13 orc wizards
  A bullfrog skeleton (D:13)
  5 iguanas
  Natasha (D:4)
  4 human skeletons
  9 worker ants
  A killer bee zombie (D:3)
  2 hound zombies
  A mummy (D:7)
  A howler monkey zombie (D:9)
  A worker ant zombie (D:8)
  9 gnolls
  2 howler monkey skeletons (D:6)
  10 adders
  3 river rats (Lair:3)
  2 shadow imps
  15 white imps
  3 ufetubi
  3 oozes
  An adder zombie (D:6)
  3 adder skeletons
  A worm (D:2)
  2 dart slugs
  5 leopard geckos
  78 orcs
  4 giant cockroaches
  9 goblins
  9 hobgoblins
  11 jackals
  15 kobolds
  3 quokkas
  9 bats
  5 frilled lizards
  An orc skeleton (D:7)
  6 rats
  7 crawling corpses
  3 plants
2502 creatures vanquished.

Vanquished Creatures (others)
  A nagaraja (Snake:3)
  A deep elf death mage (Elf:3)
  2 ogre magi
  A deep troll (Vaults:4)
  An unseen horror (D:15)
  A deep elf mage (Elf:3)
  An ogre (Depths:2)
  2 orcs
  A bush (Lair:5)
  46 fungi
  89 plants
146 creatures vanquished.

Grand Total: 2648 creatures vanquished

Notes
Turn   | Place    | Note
-------+----------+-------------------------------------------
     0 | D:1      | tardwrangler69 the Vine Stalker Fighter began the quest for
                  | the Orb.
     0 | D:1      | Reached XP level 1. HP: 11/11 MP: 2/2
   217 | D:1      | Reached XP level 2. HP: 16/16 MP: 3/3
   615 | D:1      | Reached skill level 3 in Fighting
   886 | D:2      | Reached XP level 3. HP: 14/20 MP: 4/4
  1462 | D:2      | Found a bloodstained altar of Trog.
  1538 | D:2      | Gained mutation: Your natural rate of healing is unusually
                  | fast. [Vine Stalker growth]
  1538 | D:2      | Reached XP level 4. HP: 24/24 MP: 5/5
  1579 | D:2      | Found an iron altar of Okawaru.
  2053 | D:2      | Became a worshipper of Warmaster Okawaru
  2238 | D:2      | Reached XP level 5. HP: 19/28 MP: 4/6
  2546 | D:3      | Found a shadowy altar of Dithmenos.
  2656 | D:4      | Reached skill level 4 in Fighting
  2656 | D:4      | Reached XP level 6. HP: 14/33 MP: 7/7
  2954 | D:4      | Noticed Natasha
  2957 | D:4      | Killed Natasha
  2977 | D:4      | Found a shimmering altar of Xom.
  2994 | D:4      | Reached skill level 5 in Short Blades
  3271 | D:4      | Found an iron altar of Okawaru.
  3280 | D:4      | Noticed Natasha
  3489 | D:4      | Reached * piety under Okawaru
  3490 | D:4      | Reached XP level 7. HP: 38/38 MP: 8/8
  3532 | D:4      | Noticed Menkaure
  3538 | D:4      | Killed Menkaure
  3755 | D:5      | Entered Level 5 of the Dungeon
  3829 | D:5      | Noticed Sigmund
  3847 | D:5      | Killed Sigmund
  3848 | D:5      | Reached skill level 5 in Fighting
  3915 | D:5      | Reached ** piety under Okawaru
  3916 | D:5      | Gained mutation: You have razor-sharp teeth. [Vine Stalker
                  | growth]
  3916 | D:5      | Reached XP level 8. HP: 29/43 MP: 6/9
  4114 | D:5      | Found a glowing golden altar of the Shining One.
  4692 | D:6      | Noticed Dowan
  4693 | D:6      | Noticed Duvessa
  4694 | D:6      | Found a staircase to the Ecumenical Temple.
  4716 | D:6      | Killed Duvessa
  4720 | D:6      | Killed Dowan
  4809 | D:6      | Got a faintly glowing mace
  4810 | D:6      | Identified the +6 mace "Zaischug" {drain, Dex+8} (You found
                  | it on level 6 of the Dungeon)
  5336 | D:6      | Reached skill level 6 in Fighting
  5496 | D:6      | Found an opulent altar of Gozag.
  5820 | D:7      | Found a glowing golden altar of the Shining One.
  5907 | D:7      | Noticed Harold
  5920 | D:7      | Killed Harold
  5920 | D:7      | Reached *** piety under Okawaru
  5921 | D:7      | Reached skill level 7 in Fighting
  5921 | D:7      | Reached XP level 9. HP: 39/50 MP: 9/11
  6115 | D:7      | Found a basalt altar of Yredelemnul.
  6239 | D:7      | Reached **** piety under Okawaru
  6565 | D:7      | Found an ancient bone altar of Kikubaaqudgha.
  6697 | D:8      | Noticed a two-headed ogre
  6726 | D:8      | Killed a two-headed ogre
  6726 | D:8      | Reached ***** piety under Okawaru
  6727 | D:8      | Reached skill level 8 in Fighting
  6727 | D:8      | Reached XP level 10. HP: 23/56 MP: 7/13
  6944 | D:8      | Found a burning altar of Makhleb.
  6944 | D:8      | Noticed a blizzard demon
  7030 | D:8      | Found a runed translucent gate.
  7031 | D:8      | Found a runed translucent gate.
  7032 | D:8      | Found a runed translucent gate.
  7038 | D:8      | Noticed axecop's ghost (novice DsAK)
  7040 | D:8      | Found a viscous altar of Jiyva.
  7481 | D:9      | Reached skill level 10 in Short Blades
  7491 | D:9      | Received a gift from Okawaru
  7508 | D:9      | Reached skill level 1 in Dodging
  8227 | D:9      | Received a gift from Okawaru
  8231 | D:9      | Found a burning altar of Makhleb.
  8258 | D:9      | Found a radiant altar of Vehumet.
  8258 | D:9      | Found a blossoming altar of Fedhas.
  8260 | D:9      | Found an ornate altar of the Wu Jian Council.
  8260 | D:9      | Found a sparkling altar of Nemelex Xobeh.
  8429 | D:9      | Reached skill level 9 in Fighting
  8923 | D:10     | Entered Level 10 of the Dungeon
  8932 | D:10     | Found a staircase to the Lair.
  8949 | D:10     | Reached skill level 5 in Invocations
  8953 | D:10     | Reached XP level 11. HP: 41/62 MP: 12/15
  9420 | D:10     | Identified the +5 spear "Xiuh" {flame, +Rage rElec rPois
                  | Str+7}
  9423 | D:10     | Found a runed translucent door.
  9423 | D:10     | Noticed a spriggan rider
  9423 | D:10     | Noticed OhItsWolfy's ghost (novice GnFi)
  9537 | D:10     | Got a distressingly furry cloak
  9543 | D:10     | Identified the +2 cloak "Ateruk" {+Fly rPois Int-4} (You
                  | found it on level 10 of the Dungeon)
  9554 | D:10     | Found Uqiur's Antique Armour Shoppe.
  9562 | D:10     | Bought a bloodstained buckler for 285 gold pieces
  9572 | D:10     | Identified the +2 buckler "Afoseugi" {-Cast rElec rC++
                  | Dex+3} (You bought it in a shop on level 10 of the Dungeon)
 10065 | D:11     | Noticed a brown ugly thing
 10071 | D:11     | Killed a brown ugly thing
 10211 | D:11     | Reached skill level 10 in Fighting
 10275 | D:11     | Found a staircase to the Orcish Mines.
 10312 | D:11     | HP: 3/63 [something (11)]
 10557 | D:11     | Noticed a two-headed ogre
 10564 | D:11     | Killed a two-headed ogre
 11038 | D:12     | Noticed a two-headed ogre
 11044 | D:12     | Killed a two-headed ogre
 11044 | D:12     | Received a gift from Okawaru
 11079 | D:12     | Noticed a purple ugly thing
 11195 | Lair:1   | Entered Level 1 of the Lair of Beasts
 11195 | Lair:1   | Found a frozen archway.
 11226 | IceCv    | Entered an ice cave
 11252 | IceCv    | Reached ****** piety under Okawaru
 11378 | IceCv    | Gained mutation: You heal very quickly. [Vine Stalker
                  | growth]
 11378 | IceCv    | Reached XP level 12. HP: 44/68 MP: 17/17
 11464 | IceCv    | Noticed a death yak
 11484 | IceCv    | Killed a death yak
 11632 | IceCv    | Reached skill level 11 in Fighting
 11749 | IceCv    | Noticed a death yak
 11749 | IceCv    | Noticed a death yak
 11749 | IceCv    | Noticed a frost giant
 11772 | IceCv    | Killed a death yak
 11786 | IceCv    | Killed a death yak
 11792 | IceCv    | Killed a frost giant
 11792 | IceCv    | Received a gift from Okawaru
 11818 | IceCv    | Got a buzzing dagger {god gift}
 11819 | IceCv    | Identified the +1 dagger of Pepnafum {vamp, +Rage rF+ rC+
                  | SInv} (Okawaru gifted it to you in an ice cave)
 12260 | Lair:1   | Identified the +5 trident of Harmony {antimagic, +Inv rF+
                  | Will- Int+3}
 12263 | Lair:1   | Noticed 0gre's ghost (journeyman GnIE)
 12268 | Lair:1   | Found a bloodstained altar of Trog.
 12277 | Lair:1   | Found a transporter.
 12285 | Lair:1   | Found a transporter.
 12330 | Lair:1   | Reached XP level 13. HP: 64/74 MP: 16/19
 12395 | Lair:1   | Received a gift from Okawaru
 12785 | Lair:2   | Reached skill level 12 in Fighting
 12865 | Lair:2   | Reached skill level 5 in Armour
 13012 | Lair:2   | Found a staircase to the Shoals.
 13689 | Lair:3   | Noticed Rupert
 13720 | Lair:3   | Killed Rupert
 13727 | Lair:3   | Received a gift from Okawaru
 13744 | Lair:3   | Got a faintly glowing dagger {god gift}
 13745 | Lair:3   | Identified the +2 dagger "Zilehud" {drain, rC+} (Okawaru
                  | gifted it to you on level 3 of the Lair of Beasts)
 14037 | Lair:3   | Noticed Fannar
 14062 | Lair:3   | Killed Fannar
 14118 | Lair:3   | Found a staircase to the Snake Pit.
 14429 | Lair:3   | Reached XP level 14. HP: 78/81 MP: 19/21
 14656 | Lair:3   | Reached skill level 13 in Fighting
 14816 | Lair:3   | Noticed Nergalle
 14829 | Lair:3   | Killed Nergalle
 15571 | Lair:4   | Received a gift from Okawaru
 16217 | Lair:5   | Found a hide-covered altar of Uskayaw.
 16217 | Lair:5   | Found an ornate altar of the Wu Jian Council.
 16323 | Lair:5   | Found a runed translucent door.
 16323 | Lair:5   | Found a viscous altar of Jiyva.
 16324 | Lair:5   | Found a staircase to the Slime Pits.
 17072 | Lair:6   | Entered Level 6 of the Lair of Beasts
 17486 | Lair:6   | Received a gift from Okawaru
 17487 | Lair:6   | Reached skill level 14 in Fighting
 17489 | Lair:6   | Got a faintly glowing hat {god gift}
 17500 | Lair:6   | Identified the +2 hat of the Dragon {rElec rC+ Int+4
                  | Stlth+} (Okawaru gifted it to you on level 6 of the Lair of
                  | Beasts)
 18046 | Lair:6   | Noticed a dire elephant
 18065 | Lair:6   | Killed a dire elephant
 18082 | Lair:6   | Noticed a dire elephant
 18082 | Lair:6   | Noticed a dire elephant
 18099 | Lair:6   | Killed a dire elephant
 18116 | Lair:6   | Killed a dire elephant
 18166 | Lair:6   | Noticed a dire elephant
 18184 | Lair:6   | Killed a dire elephant
 18256 | Lair:6   | Noticed a dire elephant
 18279 | Lair:6   | Killed a dire elephant
 18408 | Lair:6   | Reached XP level 15. HP: 80/88 MP: 22/22
 18758 | Orc:1    | Entered Level 1 of the Orcish Mines
 18897 | Orc:2    | Entered Level 2 of the Orcish Mines
 19082 | Orc:2    | Received a gift from Okawaru
 19096 | Orc:2    | Reached skill level 15 in Fighting
 19194 | Orc:2    | Found Huic's Book Emporium.
 19224 | Orc:2    | Got a shimmering plate armour {god gift}
 19235 | Orc:2    | Identified the +1 plate armour of Taufos {Regen+} (Okawaru
                  | gifted it to you on level 2 of the Orcish Mines)
 19280 | Orc:2    | Found Yviuremuh's Distillery.
 19281 | Orc:2    | Found Riec's Antique Armour Shop.
 19291 | Orc:2    | Found Valejiq's Antique Weapon Shoppe.
 19324 | Orc:2    | Found a staircase to the Elven Halls.
 19864 | Orc:2    | Got a pair of twisted gloves
 19875 | Orc:2    | Identified the cursed +0 pair of gloves of Erregilo
                  | {Rampage} (You found it on level 2 of the Orcish Mines)
 20109 | D:12     | Found a hide-covered altar of Uskayaw.
 20344 | D:12     | Found a blossoming altar of Fedhas.
 21204 | D:13     | Found a gate to the Vaults.
 21235 | D:13     | Reached skill level 5 in Shields
 21509 | D:14     | Reached skill level 16 in Fighting
 21607 | D:14     | Received a gift from Okawaru
 21622 | D:14     | Got a steaming morningstar {god gift}
 21623 | D:14     | Identified the +0 morningstar "Vine Stalker's Curse"
                  | {vorpal, *Slow rPois Str+4} (Okawaru gifted it to you on
                  | level 14 of the Dungeon)
 21795 | D:14     | Reached XP level 16. HP: 96/96 MP: 23/23
 22010 | D:14     | Noticed Agnes
 22027 | D:14     | Killed Agnes
 22335 | D:15     | Entered Level 15 of the Dungeon
 22400 | D:15     | Paralysed by a floating eye for 4 turns
 22413 | D:15     | Found a broken altar of Ashenzari.
 22448 | D:15     | Found a transporter.
 22600 | D:15     | Paralysed by a floating eye for 4 turns
 22624 | D:15     | Received a gift from Okawaru
 22640 | D:15     | Reached skill level 10 in Armour
 22656 | D:15     | Noticed Azrael
 22867 | D:15     | Found a sparkling altar of Nemelex Xobeh.
 22933 | D:15     | Reached skill level 17 in Fighting
 23069 | D:15     | Received a gift from Okawaru
 23098 | D:15     | Got a shimmering kite shield {god gift}
 23109 | D:15     | Identified the +4 kite shield of Hangman {rC+ Int+5}
                  | (Okawaru gifted it to you on level 15 of the Dungeon)
 23139 | D:15     | Got a translucent pewter ring
 23141 | D:15     | Identified the ring "Vyitt" {MP+9 SInv} (You found it on
                  | level 15 of the Dungeon)
 23261 | D:15     | Identified the ring "Niubbol" {rC++ Will+ Int+4}
 23272 | D:15     | Killed Azrael
 23333 | D:15     | Found a staircase to the Depths.
 23441 | D:15     | Got an ancient glass ring
 23536 | D:15     | Found a blossoming altar of Fedhas.
 23536 | D:15     | Found a transporter.
 23660 | D:15     | Identified the ring "Hearch Vadus" {Str+2 Int+4 Slay+3
                  | Stlth+} (You found it on level 15 of the Dungeon)
 23809 | Elf:1    | Entered Level 1 of the Elven Halls
 23935 | Elf:1    | Reached XP level 17. HP: 102/102 MP: 24/24
 24478 | Elf:1    | Noticed a Brimstone Fiend
 24479 | Elf:1    | Noticed a Hell Sentinel
 25005 | Elf:2    | Received a gift from Okawaru
 25124 | Elf:2    | Reached skill level 18 in Fighting
 25189 | Elf:2    | Received a gift from Okawaru
 25447 | Elf:2    | Found a large runed translucent door.
 25447 | Elf:2    | Found a large runed translucent door.
 25447 | Elf:2    | Found a large runed translucent door.
 25448 | Elf:2    | Found a large runed translucent door.
 25482 | Elf:2    | Noticed a deep elf blademaster
 25498 | Elf:2    | Killed a deep elf blademaster
 25704 | Elf:2    | Reached XP level 18. HP: 98/110 MP: 25/25
 25926 | Elf:2    | Noticed Donald
 25940 | Elf:2    | Killed Donald
 25940 | Elf:2    | Received a gift from Okawaru
 26117 | Elf:3    | Entered Level 3 of the Elven Halls
 26311 | Elf:3    | Found Qedimm's Antique Weapon Shoppe.
 26413 | Elf:3    | Found Pomy's Assorted Antiques.
 26416 | Elf:3    | Bought a scroll of blinking for 172 gold pieces
 26424 | Elf:3    | Found Jiorghie's Assorted Antiques.
 26441 | Elf:3    | Bought a scroll of teleportation for 102 gold pieces
 26441 | Elf:3    | Bought a scroll of teleportation for 102 gold pieces
 26672 | Elf:3    | Found Cejepti's General Store.
 26677 | Elf:3    | Bought a scroll of brand weapon for 280 gold pieces
 26677 | Elf:3    | Bought 6 silver javelins for 201 gold pieces
 26930 | Elf:3    | Noticed a deep elf blademaster
 26951 | Elf:3    | Killed a deep elf blademaster
 26975 | Elf:3    | Killed a ghostly deep elf blademaster
 26976 | Elf:3    | Reached skill level 10 in Shields
 26978 | Elf:3    | Reached skill level 19 in Fighting
 27261 | Elf:3    | Noticed a deep elf master archer
 27309 | Elf:3    | Killed a deep elf master archer
 27363 | Elf:3    | Noticed a deep elf blademaster
 27410 | Elf:3    | Identified the cursed +2 war axe "Jiygronn" {drain, Will+}
 27428 | Elf:3    | Killed a deep elf blademaster
 27532 | Elf:3    | Noticed a deep elf master archer
 27542 | Elf:3    | Killed a deep elf master archer
 27579 | Elf:3    | Identified the Grimoire of Heat and Attacks
 27606 | Elf:3    | Identified the +11 rapier of Misery {flame, SInv}
 27667 | Elf:3    | Received a gift from Okawaru
 27686 | Elf:3    | Identified Rulux's Collected Works on Glacial Clay
 28022 | Snake:1  | Entered Level 1 of the Snake Pit
 28495 | Snake:1  | Identified the +4 dagger "Jiczosh" {protect, *Noise +Fly
                  | rElec MP+9}
 28513 | Snake:1  | Reached XP level 19. HP: 111/116 MP: 26/26
 28570 | Snake:1  | Found Tumirorch's Jewellery Shoppe.
 28665 | Snake:1  | Found Xiod's Jewellery Shoppe.
 28665 | Snake:1  | Found Vellimu's Gadget Shop.
 28666 | Snake:1  | Found Hoofuuru's Gadget Shop.
 28928 | Snake:2  | Found Ocaptuunon's Book Boutique.
 28935 | Snake:2  | Found Anappac's General Store.
 28935 | Snake:2  | Found Alij Mak's Distillery.
 28992 | Snake:2  | Found Totiprel's Gadget Shop.
 28998 | Snake:2  | Bought a scroll of enchant weapon for 112 gold pieces
 28998 | Snake:2  | Bought a scroll of teleportation for 45 gold pieces
 29731 | Snake:3  | Received a gift from Okawaru
 29815 | Snake:3  | Reached skill level 20 in Fighting
 30468 | Snake:4  | Entered Level 4 of the Snake Pit
 30956 | Snake:4  | Received a gift from Okawaru
 31326 | Snake:4  | Reached XP level 20. HP: 123/123 MP: 27/27
 31583 | Snake:4  | Found Ichuorupt's Antique Armour Shoppe.
 32295 | Snake:4  | Received a gift from Okawaru
 32383 | Snake:4  | Got a serpentine rune of Zot
 32612 | Shoals:1 | Entered Level 1 of the Shoals
 33507 | Shoals:2 | Noticed Jorgrun
 33521 | Shoals:2 | Killed Jorgrun
 33590 | Shoals:2 | Noticed Roxanne
 33636 | Shoals:2 | Received a gift from Okawaru
 33927 | Shoals:2 | Noticed Frances
 33937 | Shoals:2 | Killed Frances
 34219 | Shoals:3 | Noticed Ilsuiw
 34276 | Shoals:3 | Killed Ilsuiw
 34338 | Shoals:3 | Noticed Polyphemus
 34339 | Shoals:3 | Reached skill level 15 in Armour
 34373 | Shoals:3 | Killed Polyphemus
 34382 | Shoals:3 | Reached XP level 21. HP: 93/128 MP: 22/28
 34493 | Shoals:3 | Noticed Kirke
 34503 | Shoals:3 | Killed Kirke
 34503 | Shoals:3 | Received a gift from Okawaru
 34537 | Shoals:3 | Found Reboty Xusoh's Weapon Shop.
 34639 | Shoals:3 | Found a large runed translucent door.
 34678 | Shoals:3 | Noticed Bai Suzhen
 34702 | Shoals:3 | Killed Bai Suzhen
 34703 | Shoals:3 | Reached skill level 15 in Shields
 34703 | Shoals:3 | Reached skill level 1 in Throwing
 34978 | Shoals:3 | Found a large runed translucent door.
 34981 | Shoals:3 | Noticed Kehicw's ghost (adept HOBr)
 35028 | Shoals:4 | Entered Level 4 of the Shoals
 35104 | Shoals:4 | Noticed Aizul
 35124 | Shoals:4 | Killed Aizul
 35344 | Shoals:4 | Found the +7 Kryia's mail coat {PotionHeal*2 rC+}
 35549 | Shoals:4 | Got a barnacled rune of Zot
 36319 | Vaults:1 | Entered Level 1 of the Vaults
 36331 | Vaults:1 | Found a flickering gateway to a bazaar.
 36340 | Bazaar   | Entered a bazaar
 36340 | Bazaar   | Found Fireotum's Distillery.
 36348 | Bazaar   | Bought a potion of mutation for 72 gold pieces
 36374 | Bazaar   | Found Gaclibas's Book Emporium.
 36379 | Bazaar   | Found Fixkivac's Armour Shoppe.
 36386 | Bazaar   | Found Osour's Gadget Shoppe.
 36510 | Vaults:1 | Reached skill level 5 in Throwing
 36819 | Vaults:1 | Received a gift from Okawaru
 36920 | Vaults:1 | Noticed Saint Roka
 36953 | Vaults:1 | Killed Saint Roka
 36953 | Vaults:1 | Received a gift from Okawaru
 36954 | Vaults:1 | Reached skill level 15 in Short Blades
 37367 | Vaults:1 | Received a gift from Okawaru
 37720 | Vaults:2 | Noticed Margery
 37736 | Vaults:2 | Killed Margery
 37736 | Vaults:2 | Received a gift from Okawaru
 37737 | Vaults:2 | Reached XP level 22. HP: 114/133 MP: 29/29
 37783 | Vaults:2 | Received a gift from Okawaru
 37790 | Vaults:2 | Got a crystal dagger {god gift}
 37791 | Vaults:2 | Identified the +12 dagger of Boodif {vorpal, +Fly Stlth+}
                  | (Okawaru gifted it to you on level 2 of the Vaults)
 38257 | Vaults:2 | Received a gift from Okawaru
 38346 | Vaults:2 | Noticed Frederick
 38357 | Vaults:2 | Killed Frederick
 38450 | Vaults:2 | Found a staircase to the Crypt.
 38453 | Vaults:2 | Received a gift from Okawaru
 38783 | Vaults:2 | Received a gift from Okawaru
 39090 | Vaults:2 | Found a portal to a secret trove of treasure.
 39101 | Vaults:2 | Found a roughly hewn altar of Beogh.
 39134 | Vaults:2 | Reached skill level 10 in Throwing
 39682 | Vaults:3 | Received a gift from Okawaru
 40256 | Vaults:3 | Reached XP level 23. HP: 137/137 MP: 30/30
 40448 | Vaults:3 | Noticed Asterion
 40464 | Vaults:3 | Killed Asterion
 40713 | Vaults:3 | Found a runed translucent gate.
 40713 | Vaults:3 | Found a runed translucent gate.
 40713 | Vaults:3 | Found a runed translucent gate.
 40714 | Vaults:3 | Identified the cursed +0 battleaxe "Loopy" {freeze, +Rage
                  | rF+}
 40714 | Vaults:3 | Identified the +3 plate armour of the Tortoise {Str+3}
 40715 | Vaults:3 | Noticed Sardonyx's ghost (adept DEFE)
 40887 | Vaults:3 | Found a roughly hewn altar of Beogh.
 41112 | Vaults:4 | Noticed Boris
 41140 | Vaults:4 | Killed Boris
 41140 | Vaults:4 | Received a gift from Okawaru
 41175 | Vaults:4 | Received a gift from Okawaru
 42523 | Depths:1 | Entered Level 1 of the Depths
 42730 | Depths:1 | Received a gift from Okawaru
 42810 | Depths:1 | Received a gift from Okawaru
 42914 | Depths:1 | Found a gateway to Hell.
 43214 | Depths:1 | Received a gift from Okawaru
 43643 | Depths:2 | Received a gift from Okawaru
 44277 | Depths:2 | Reached XP level 24. HP: 141/142 MP: 30/30
 44538 | Depths:2 | Received a gift from Okawaru
 44713 | Depths:3 | Received a gift from Okawaru
 44766 | Depths:3 | Received a gift from Okawaru
 45227 | Depths:3 | Reached skill level 15 in Throwing
 45321 | Depths:3 | Found a one-way gate leading to the halls of Pandemonium.
 45400 | Depths:3 | Noticed a caustic shrike
 45415 | Depths:3 | Killed a caustic shrike
 45565 | Depths:3 | Found Sarph's Weapon Shoppe.
 45571 | Depths:3 | Reached XP level 25. HP: 134/147 MP: 30/30
 45605 | Depths:3 | Found a large runed translucent door.
 45606 | Depths:3 | Found a large runed translucent door.
 45608 | Depths:3 | Noticed Veghinet's ghost (legendary MfGl)
 45831 | Depths:3 | Found a one-way gate to the infinite horrors of the Abyss.
 45836 | Depths:3 | Found a gateway to a ziggurat.
 45900 | Depths:3 | Received a gift from Okawaru
 45913 | Depths:3 | Got a shimmering rapier {god gift}
 45914 | Depths:3 | Identified the +8 rapier "Banisher" {venom, rF+ MP+9 Int+3
                  | Dex-5} (Okawaru gifted it to you on level 3 of the Depths)
 46766 | Depths:4 | Found a runed translucent door.
 46944 | Depths:4 | Got a warped ivory ring
 47085 | Depths:4 | Identified the ring "Xoim" {Ice rPois Will+++ Str-4 Int-3}
                  | (You found it on level 4 of the Depths)
 47098 | Depths:5 | Entered Level 5 of the Depths
 47135 | Depths:5 | Received a gift from Okawaru
 47570 | Depths:5 | Noticed a juggernaut
 47586 | Depths:5 | Killed a juggernaut
 47956 | Depths:5 | Found a gate to the Realm of Zot.
 48082 | Depths:5 | Noticed Jory
 48104 | Depths:5 | Killed Jory
 48341 | Hell     | Entered the Vestibule of Hell
 48341 | Hell     | Noticed Geryon
 48361 | Hell     | Killed Geryon
 48444 | Hell     | Received a gift from Okawaru
 48582 | Hell     | Found a gateway to the Iron City of Dis.
 48619 | Hell     | Reached XP level 26. HP: 152/152 MP: 30/30
 48834 | Hell     | Found a gateway to the ashen valley of Gehenna.
 48935 | Hell     | Found a gateway to the decaying netherworld of Tartarus.
 49136 | Hell     | Found a gateway to the freezing wastes of Cocytus.
 49571 | Vaults:2 | You paid a toll of the horn of Geryon to enter a treasure
                  | trove
 49572 | Trove    | Entered a treasure trove
 49577 | Trove    | Found the +3 robe of Clouds {+Thunder rCloud rElec}
 49581 | Trove    | Got an encrusted cloak
 49584 | Trove    | Got a pair of spiked gloves
 49595 | Trove    | Got a pair of glimmering boots
 49598 | Trove    | Got a faintly glowing kite shield
 49604 | Trove    | Got a fading crystal plate armour
 49611 | Trove    | Got a pitted chain mail
 49659 | Vaults:2 | Identified the -5 cloak of Weurgh {rC+ Int+3} (You found it
                  | in a treasure trove)
 49675 | Vaults:2 | Identified the +0 pair of gloves "Yptug" {Rampage rF+ Will+
                  | Slay-6} (You found it in a treasure trove)
 49691 | Vaults:2 | Identified the +0 pair of boots of Eramm {Stlth+} (You
                  | found it in a treasure trove)
 49712 | Vaults:2 | Identified the +0 kite shield of the Kraken {-Cast rElec
                  | rC+ SInv} (You found it in a treasure trove)
 49732 | Vaults:2 | Identified the +10 crystal plate armour of Recklessness
                  | {Harm} (You found it in a treasure trove)
 49753 | Vaults:2 | Identified the +8 chain mail "Urecenag" {rPois rF- rC+}
                  | (You found it in a treasure trove)
 49912 | Vaults:5 | Entered Level 5 of the Vaults
 49920 | Vaults:5 | Received a gift from Okawaru
 49925 | Vaults:5 | Received a gift from Okawaru
 50238 | Vaults:5 | Received a gift from Okawaru
 50444 | Vaults:5 | Got a silver rune of Zot
 50581 | Vaults:5 | Got a transparent tin ring
 50928 | Vaults:5 | Received a gift from Okawaru
 50994 | Vaults:5 | Identified the ring "Jethogg" {rC+ rN+}
 51045 | Vaults:5 | Reached XP level 27. HP: 150/156 MP: 30/30
 51096 | Vaults:5 | Identified the +1 broad axe "Death Rattle" {flame, *Drain
                  | rF+ rC+ Int+3}
 51096 | Vaults:5 | Identified the +3 plate armour of Didoamn {rPois Will+++
                  | Str+4 Dex-5}
 51190 | Vaults:5 | Identified the +9 morningstar of Ypimig {holy, +Fly rN++
                  | Str+4}
 51297 | Vaults:5 | Found Nivaugem's Magic Scroll Boutique.
 51303 | Vaults:5 | Bought a scroll of teleportation for 66 gold pieces
 51387 | Vaults:5 | Bought a scroll of summoning for 209 gold pieces
 51406 | Vaults:5 | Got a smoking iron ring
 51823 | Vaults:5 | Identified the +7 demon whip "Dragonslayer" {pain, rF+
                  | Dex+3} (Okawaru gifted it to you on level 5 of the Vaults)
 51833 | Vaults:5 | Identified the ring "Loamp" {rElec Will+ Int+7 Dex+6
                  | Slay-3} (You found it on level 5 of the Vaults)
 51837 | Vaults:5 | Identified the ring "Xoupp" {+Blink Str+3 Dex+6} (You found
                  | it on level 5 of the Vaults)
 52577 | Zot:1    | Entered Level 1 of the Realm of Zot
 52909 | Zot:1    | Reached skill level 5 in Dodging
 52911 | Zot:1    | Received a gift from Okawaru
 52997 | Zot:1    | Received a gift from Okawaru
 53185 | Zot:1    | Found a runed translucent door.
 53191 | Zot:1    | Noticed Mehuetim's ghost (legendary TrBe)
 53495 | Zot:1    | Found a sacrificial altar of Ru.
 53628 | Zot:1    | Received a gift from Okawaru
 54341 | Zot:1    | Killed Mehuetim's ghost
 54341 | Zot:1    | Received a gift from Okawaru
 54348 | Zot:1    | Got a pair of faintly glowing boots
 54359 | Zot:1    | Identified the +3 pair of boots of the Old World {Will+}
                  | (You found it on level 1 of the Realm of Zot)
 54478 | Zot:2    | Received a gift from Okawaru
 54640 | Zot:2    | Received a gift from Okawaru
 54701 | Zot:2    | Reached skill level 21 in Fighting
 54927 | Zot:2    | Received a gift from Okawaru
 54955 | Zot:2    | Identified the +4 plate armour of the Shore {rPois Will-
                  | Str+4} (Okawaru gifted it to you on level 2 of the Realm of
                  | Zot)
 55262 | Zot:2    | Identified the Almanac of the Dusty Snowflakes
 55589 | Zot:2    | Reached skill level 10 in Dodging
 56035 | Zot:3    | Received a gift from Okawaru
 56262 | Zot:3    | Received a gift from Okawaru
 56454 | Zot:3    | Reached skill level 22 in Fighting
 57932 | Zot:5    | Entered Level 5 of the Realm of Zot
 58895 | Zot:5    | Received a gift from Okawaru
 58896 | Zot:5    | Got a steaming dagger {god gift}
 59668 | Zot:5    | Noticed an ancient lich
 59679 | Zot:5    | Killed an ancient lich
 59697 | Zot:5    | Reached skill level 23 in Fighting
 59817 | Zot:5    | Noticed an orb of fire
 59823 | Zot:5    | Killed an orb of fire
 59823 | Zot:5    | Received a gift from Okawaru
 59838 | Zot:5    | Received a gift from Okawaru
 59951 | Zot:5    | Noticed an orb of fire
 59963 | Zot:5    | Killed an orb of fire
 59968 | Zot:5    | Noticed an orb of fire
 59980 | Zot:5    | Killed an orb of fire
 60012 | Zot:5    | Noticed a juggernaut
 60012 | Zot:5    | a Killer Klown changed into a juggernaut
 60017 | Zot:5    | Noticed a juggernaut
 60017 | Zot:5    | a Killer Klown changed into a juggernaut
 60021 | Zot:5    | Killed a juggernaut
 60030 | Zot:5    | Killed a juggernaut
 60031 | Zot:5    | Reached skill level 15 in Dodging
 60045 | Zot:5    | Received a gift from Okawaru
 60050 | Zot:5    | Noticed an ancient lich
 60054 | Zot:5    | Killed an ancient lich
 60066 | Zot:5    | HP: 7/165 [Orb Guardian (28)]
 60066 | Zot:5    | HP: 2/165 [green draconian monk (3)]
 60067 | Zot:5    | Succumbed to a green draconian monk's poison

Illustrated notes

Levels and vault maps discovered:
D:1:      shiori_arrival_maze, layout_basic, st_stairs_6
D:2:      layout_loops_ring, lightli_temple_of_fire,
          nicolae_overflow_crystal_walls, roderic_lattice_a, grunt_ministairs_10
D:3:      layout_rooms, grunt_dithmenos_smoke_and_mirrors
D:4:      layout_loops_corners, kennysheep_little_box,
          okawaru_ov_weapons_minmay, uniq_natasha, uniq_menkaure
D:5:      layout_cave_pools, tso_metal_star, uniq_sigmund
D:6:      layout_loops_cross, grunt_gozag_statues, minmay_temple_entry_slanted,
          serial_co_window_serial, co_window_paths_a, co_window_paths_b,
          co_window_of_opportunity_a, co_window_cross_1, co_window_corner_a,
          co_window_broadway_a, co_window_unsneaky_path_d, co_window_cross_4,
          co_window_corner_b, co_window_sun, co_window_paths_d, glass_columns_a,
          glass_columns_a, uniq_duvessa
D:7:      layout_basic, kennysheep_mini, lemuel_mausoleum_altar_yredelemnul,
          basic_altar, uniq_harold
D:8:      minmay_chambers_of_fours, layout_rooms, gammafunk_ghost_ooze,
          makhleb_altar_promises_db
D:9:      layout_basic, grunt_temple_overflow_open
D:10:     layout_loops_ring, due_lair_maze_entry_diamond, serial_shops, shop,
          ebering_ghost_funeral_grove
D:11:     layout_basic, david_orc_2
D:12:     layout_rooms, basic_altar, minivault_16, fedhas_altar_fruit_tree
D:13:     layout_irregular_city, david_vaults_5, chequers_serial_rivers_micro_d
D:14:     layout_gridville, hangedman_decor_diamond_cutter, uniq_agnes
D:15:     hangedman_spin_cycle
Lair:1:   layout_big_grid, portal_ice_cave_entry_imps,
          gammafunk_ghost_wrathful_warriors, ldierk_geyser, beast_lair_carwin_4,
          lemuel_fruit_tree, serial_bayou_shore_a
Lair:2:   layout_hall_layers, minmay_shoals_entry_lonely_mermaid,
          serial_bayou_lagoon_b
Lair:3:   regret_index_bee_streams, layout_long_grid,
          guppyfry_snake_entry_garden, wad_woods_road_05, uniq_fannar,
          uniq_rupert, uniq_nergalle
Lair:4:   layout_regular_city, st_stairs_11, serial_bayou_ford_a
Lair:5:   layout_loops_ring, slime_altar_2, nzn_masters_of_martial_movement,
          serial_bayou_shore_b, serial_bayou_shore_b
Lair:6:   due_jungle_book, layout_gridlike, dpeg_oklob_1
Shoals:1: layout_shoals, st_sunken_huts
Shoals:2: layout_shoals, uniq_roxanne, uniq_frances, uniq_jorgrun
Shoals:3: layout_shoals, ebering_ghost_disaster_area, serial_shops, shop,
          nicolae_shoals_circle_sea_wall, uniq_polyphemus, uniq_kirke,
          uniq_bai_suzhen, uniq_ilsuiw
Shoals:4: shoals_end_grunt_ice, layout_shoals, uniq_aizul
Snake:1:  layout_grid_maze, serial_shops, shop_statue, st_stairs_2,
          grunt_ministairs_1, nicolae_snake_serpentine_hallways,
          serial_bayou_lagoon_a, minmay_shop_grove
Snake:2:  layout_rooms, minmay_shoptagon
Snake:3:  layout_grid_maze, drop_trap
Snake:4:  grunt_snake_rune_serpentine_throne, layout_basic, serial_shops,
          nicolae_shop_window_shopping, serial_bayou_pond_a, grunt_megastairs_4
Orc:1:    layout_caves, serial_shops, nicolae_shop_crystal, minmay_orc_keep
Orc:2:    st_orc_open, layout_caves, nooodl_orcs_dogs
Elf:1:    layout_geoelf_diagonals, hangedman_elf_represent, minmay_fountain_box,
          uniq_azrael
Elf:2:    layout_rooms, serial_sigils_hangedman_quiver, lemuel_flamethrower_1,
          lemuel_elevator, uniq_donald
Elf:3:    elf_hall_gauntlet_narrow, layout_gridlike, serial_shops,
          nicolae_shop_behind_doors, nicolae_shop_statue_plus, shop, shop,
          nicolae_elf_stone_circles
Vaults:1: nicolae_vaults_rhombus_7, vaults_room_fours,
          nicolae_vaults_an_arrangement, hangedman_vaults_cutoff, v_rooms_4,
          v_pattern_1, hangedman_vaults_cutoff, hangedman_vaults_nails,
          vaults_room_grid, grunt_vaults_bifocal,
          ontoclasm_vaults_claustrophobia, nicolae_vaults_little_squares_6,
          vaults_room_door_ring, grunt_vaults_hallway_short, layout_vaults_ring,
          serial_shops, bzr_entry_water, uniq_saint_roka
Vaults:2: special_room_vaults [special_room_orc], vaults_room_large_hall,
          hangedman_vaults_variations, minmay_crypt_entry_simple_sparse,
          hangedman_vaults_stream, v_misc_27, v_misc_8, v_misc_3,
          nicolae_vaults_little_squares_1, layout_vaults_chaotic_city,
          nicolae_trove_entry_diagonal, uniq_margery, uniq_frederick
Vaults:3: biasface_vaults_ghost_orc_armoury, vaults_room_pool,
          vaults_mumra_minichess, v_misc_3, nicolae_vaults_display_case,
          v_pattern_5, vaults_dpeg_hooks, grunt_vaults_hallway_short,
          nicolae_vaults_alarming, v_rooms_5, vaults_mumra_hex,
          ontoclasm_vaults_ring_square, layout_vaults_omnicross, uniq_asterion
Vaults:4: nicolae_vaults_triangles, grunt_vaults_hallway_long, v_misc_24,
          vaults_dpeg_ring, v_misc_4, layout_vaults_omnigrid, uniq_boris
Vaults:5
Depths:1: layout_gridlike, hangedman_geh_valley, grunt_ministairs_11,
          kennysheep_opposing_triangles
Depths:2: minmay_nine_rooms, layout_cave_pools, minmay_staircase_windowed_small,
          hell_entry, corner_web_ring, kennysheep_generic_room_16, firewood_loft
Depths:3: minmay_the_grid_square_5x5_4x4
          [minmay_the_grid_square_5x5_fancy_junction,
          minmay_the_grid_square_5x5_shrine1,
          minmay_the_grid_square_5x5_beaten_path,
          minmay_the_grid_square_5x5_three,
          minmay_the_grid_square_5x5_intrusive_squares,
          minmay_the_grid_square_5x5_prize_waves,
          minmay_the_grid_square_5x5_prize_pseudospiral,
          minmay_the_grid_square_5x5_half_checkered,
          minmay_the_grid_square_5x5_two_small,
          minmay_the_grid_square_5x5_prize_gold,
          minmay_the_grid_square_5x5_prize_snowflake,
          minmay_the_grid_square_5x5_spiral, minmay_the_grid_square_5x5_meh,
          minmay_the_grid_square_5x5_misaligned, minmay_the_grid_square_5x5_v,
          minmay_the_grid_square_5x5_three_small], layout_gridville,
          enter_ziggurat_b, pan_entry, serial_shops, kennysheep_mini_moat,
          hell_entry, minmay_misc_feat_secret_circle,
          ebering_ghost_disaster_area, serial_glass, glass_columns_b,
          glass_columns_b, glass_columns_c, glass_columns_b, abyss_entry,
          minmay_misc_feat_more_columns, lemuel_flamethrower_3
Depths:4: kennysheep_spiral_hall, layout_cave_pools,
          hangedman_tar_grid_catacomb, abyss_entry_small_statue_room,
          lemuel_statue_altar, minmay_crystal_box
Depths:5: grunt_zot_entry_hairpin, layout_basic, abyss_entry, hellmouth_1,
          grunt_megastairs_5, uniq_jory
Hell
Zot:1:    hangedman_orp_of_zott, layout_basic, ebering_ghost_reflecting_pool,
          st_stairs_14, hangedman_hellfire_club
Zot:2:    layout_onion_interference, st_large_dragon_hoard_3, grunt_megastairs_1
Zot:3:    layout_twisted_circle, grunt_megastairs_2
Zot:4:    layout_twisted_circle
Zot:5:    layout_gridlike

Skill      XL: |  1  2  3  4  5  6  7  8  9 10 11 12 13 14 15 16 17 18 19 20 21 22 23 24 25 26 27 |
---------------+----------------------------------------------------------------------------------+-----
Short Blades   | 2 3 4 5 6 8 9 10 11 12 13 14 15 17 18 19 21 22 | 22.6
Fighting       | 3 4 5 7 8 9 10 11 12 14 16 17 18 19 20 23 | 23.9
Shields        | 3 4 5 7 9 10 12 14 15 | 15.0
Invocations    | 2 3 5 6 7 8 |  8.5
Dodging        | 2 3 4 15 | 15.2
Armour         | 4 5 7 9 10 11 12 13 15 | 15.0
Throwing       | 7 11 13 15 17 19 20 | 20.1

Action                   |  1- 3 |  4- 6 |  7- 9 | 10-12 | 13-15 | 16-18 | 19-21 | 22-24 | 25-27 || total
-------------------------+-------+-------+-------+-------+-------+-------+-------+-------+-------++-------
Melee: Rapier            |    96 |   161 |   328 |   729 |    39 |    57 |  1241 |  1665 |  2777 ||  7093
       Bite              |    19 |    47 |   112 |   371 |   931 |   750 |  1080 |  1100 |  1757 ||  6167
       Mace              |       |       |     2 |       |       |       |       |       |       ||     2
       Quick blade       |       |       |       |       |  1495 |  1306 |   732 |       |       ||  3533
       Dagger            |       |       |       |       |       |       |       |   141 |       ||   141
Throw: Dart              |       |       |       |     9 |       |       |       |       |       ||     9
       Boomerang         |       |       |       |     4 |       |       |       |     7 |       ||    11
       Javelin           |       |       |       |       |       |       |       |       |    57 ||    57
Invok: Heroism           |       |       |     6 |    10 |     5 |     6 |     5 |     4 |    12 ||    48
       Finesse           |       |       |       |     2 |     3 |     2 |     4 |     3 |     7 ||    21
 Abil: Evoke Blink       |       |       |       |       |       |       |       |       |     6 ||     6
Evoke: Wand              |       |       |       |     5 |       |     1 |       |       |       ||     6
  Use: Scroll            |       |       |       |    16 |    21 |     5 |    13 |    13 |    11 ||    79
       Potion            |       |       |       |     2 |       |       |     1 |       |     2 ||     5
 Stab: Distracted        |       |       |       |       |       |       |       |       |     2 ||     2
Armor: Scale mail        |    45 |    60 |    88 |   102 |       |       |       |       |       ||   295
       Ring mail         |       |       |       |    66 |    92 |       |       |       |       ||   158
       Plate armour      |       |       |       |       |    84 |   194 |   294 |   156 |       ||   728
       Gold dragon scale |       |       |       |       |       |       |       |   117 |   651 ||   768
Dodge: Dodged            |    32 |    44 |    76 |   233 |   256 |   121 |   222 |   164 |   336 ||  1484
Block: Kite shield       |    49 |    81 |   103 |   138 |       |   356 |  1137 |   941 |  1580 ||  4385
       Buckler           |       |       |       |   264 |   388 |   100 |       |       |       ||   752
       Reflection        |       |       |       |     6 |     8 |    74 |   142 |   109 |    57 ||   396
